AoeStats
← Gabo

Arabia

505979288Analyzed
1v1 RM · 20d ago on Sep 11, 2026· 71m 35s· 2 players
Game mode
Random Map
Map size
Tiny (2 player)
Population
200
Speed
Normal
Resources
Standard
Victory
Conquest
Starting age
Dark Age
Ending age
Imperial Age
RankedLock teamsTeams togetherTeam positionsShared explorationLock speedFull tech treeHidden civsTurbo modeCheats
Victory
Defeat
🇨🇱 Vikings · Chile
1045
+15
🇩🇪 Mongols · Germany
1015
-15
Free Palestine
9:24 Feudal Age
8:00 Loom
10:08 Double-Bit Axe
10:38 Man-at-Arms
22:33 Castle Age
21:33 Horse Collar
22:13 Gold Mining
22:33 Scale Barding Armor
22:57 Bloodlines
23:28 Bow Saw
26:21 Husbandry
30:25 Heavy Plow
34:38 Chain Barding Armor
34:14 Stone Mining
33:52 Elite Skirmisher
37:28 Wheelbarrow
41:14 Imperial Age
39:01 Hand Cart
40:05 Town Watch
41:06 Fletching
41:44 Onager
48:50 Conscription
52:37 Elite Steppe Lancer
53:32 Forging
56:43 Murder Holes
68:57 Ballistics
69:38 Chemistry
71:12 Light Cavalry
Gabo
6:57 Loom
9:29 Feudal Age
11:54 Double-Bit Axe
11:47 Man-at-Arms
15:25 Fletching
19:26 Horse Collar
21:01 Padded Archer Armor
23:51 Castle Age
22:11 Gold Mining
23:56 Crossbowman
25:16 Bodkin Arrow
25:44 Bow Saw
25:36 Pikeman
27:42 Heavy Plow
29:59 Squires
30:11 Forging
33:29 Ballistics
36:19 Imperial Age
35:08 Gambesons
36:59 Arbalester
37:49 Town Watch
38:36 Bracer
39:37 Capped Ram
41:13 Siege Ram
44:31 Chemistry
45:21 Long Swordsman
50:17 Two-Handed Swordsman
51:24 Chieftains
51:10 Champion
53:25 Town Patrol
56:06 Murder Holes
58:49 Two-Man Saw
58:25 Gold Shaft Mining
61:20 Arson
62:12 Iron Casting
61:38 Scale Mail Armor
61:54 Leather Archer Armor
61:25 Elite Skirmisher
68:12 Blast Furnace
67:28 Chain Mail Armor
Connection lost

Rejoining the realm…

Still unreachable

The connection could not be restored.

Session expired

The server has moved on; the page needs a fresh start.